 Dungeon Crawl Stone Soup version 0.27.1-3-gb3d3a73c9e (webtiles) character file.

Game seed: 16082969336024187954

188 karkarkar the Conjurer (level 5, -4/38 HPs)
             Began as a Draconian Conjurer on Oct 6, 2021.
             Slain by Grinder (6 damage)
             ... on level 4 of the Dungeon.
             The game lasted 00:12:44 (4712 turns).

karkarkar the Conjurer (Draconian Conjurer)         Turns: 4712, Time: 00:12:45

Health: -4/38      AC:  5    Str:  9    XL:     5   Next: 39%
Magic:  2/9        EV: 12    Int: 19    God:
Gold:   66         SH:  0    Dex: 10    Spells: 7/10 levels left

rFire    . . .     SeeInvis .   (no weapon)
rCold    . . .     Faith    .   (no shield)
rNeg     . . .     Spirit   .   (armour unavailable)
rPois    .         Reflect  .   (helmet restricted)
rElec    .         Harm     .   (no cloak)
rCorr    .         Rampage  .   (no gloves)
Will     .....                  (no boots)
Stlth    ++........             (no amulet)
HPRegen  0.12/turn              m - ring of flight
MPRegen  0.11/turn              (no ring)

@: flying
A: AC +5, unfitting armour, cold-blooded
a: no special abilities


You were on level 4 of the Dungeon.
You visited 1 branch of the dungeon, and saw 4 of its levels.

You collected 132 gold pieces.
You spent 66 gold pieces at shops.

Inventory:

Missiles
 d - 14 poisoned darts
 h - 3 datura-tipped darts
Jewellery
 m - a ring of flight (left hand)
Wands
 n - a wand of paralysis (4)
Scrolls
 a - a scroll of summoning {unknown}
 b - a scroll of enchant weapon {unknown}
 c - a scroll of fear {unknown}
 f - a scroll of amnesia {unknown}
 l - a scroll of noise
 o - a scroll of torment {unknown}
Potions
 e - a potion of curing
 g - a potion of heal wounds
 i - a potion of invisibility
 j - a potion of attraction
 k - a potion of flight


   Skills:
 + Level 2.2 Dodging
 + Level 2.3 Stealth
 + Level 3.0 Spellcasting
 + Level 5.4 Conjurations
 * Level 1.2 Translocations


You had 7 spell levels left.
You knew the following spells:

 Your Spells              Type           Power      Damage    Failure   Level
a - Magic Dart            Conj           92%        1d7       1%          1
b - Searing Ray           Conj           46%        3d4       2%          2

Your spell library contained the following spells:

 Spells                   Type           Power      Damage    Failure   Level
 Dazzling Flash           Conj/Hex       26%        N/A       14%         3
 Iskenderun's Mystic Bla  Conj/Tloc      15%        2d5       36%         4
 Fulminant Prism          Conj/Hex       6%         3d7       43%         4


Dungeon Overview and Level Annotations

Branches:
Dungeon (4/15)
 Temple: D:4-7

Altars:

Shops:
D:2 :*([   D:3 =?[

Annotations:
D:4 Grinder


Innate Abilities, Weirdness & Mutations

Your plain brown scales are hard. (AC +5)
You cannot fit into any form of body armour.
You are cold-blooded and may be slowed by cold attacks.


Message History

You start resting.
Magic restored.
You start resting.
HP restored.
You fly downwards.
You hear the hiss of flowing sand.
There is an entrance to an ossuary on this level.
Hurry and find it before the portal is buried!
Level annotation: Grinder You hear the quick hiss of an avalanche of sand nearby.
Grinder barely misses you.
There is a stone staircase leading up, spattered with blood here.
Aiming: Searing Ray (safe; 2% risk of failure)
Press: ? - help, Q - select action, (/) - cycle Shift-Dir - straight line, f - Grinder
Aim: Grinder (75% to hit)
The searing ray hits Grinder.
Grinder is lightly wounded. (Press . to maintain the ray.) Grinder hits you.
The searing ray hits Grinder.
Grinder is lightly wounded.
Grinder hits you.
The searing ray hits Grinder.
Grinder is moderately wounded.
Grinder hits you.
You writhe in agony.
The searing ray hits Grinder!
Grinder is heavily wounded.
You finish channeling your searing ray.
Grinder hits you!
You writhe in agony.
* * * LOW HITPOINT WARNING * * *
Aiming: Searing Ray (safe; 2% risk of failure)
Press: ? - help, Q - select action, (/) - cycle Shift-Dir - straight line, f/p - Grinder
Aim: Grinder (heavily wounded, 75% to hit)
The searing ray hits Grinder.
Grinder is heavily wounded. (Press . to maintain the ray.) Grinder hits you.
* * * LOW HITPOINT WARNING * * *
Grinder hits you!
* * * LOW HITPOINT WARNING * * *
You writhe in agony.
You die...

... #.#
#.# #.#
#.# #.#
#.# #@#
......5.#
......#[#
......#..
##### ##.
.. #+


You could see Grinder.

Vanquished Creatures
  A centaur skeleton (D:4)
  Terence (D:3)
  Robin (D:3)
  4 gnolls (D:2)
  2 adders (D:2)
  A worm (D:3)
  3 endoplasms
  5 giant cockroaches
  14 goblins
  7 hobgoblins
  3 quokkas
  2 ball pythons (D:1)
  2 bats (D:1)
  4 frilled lizards
  7 kobolds
  11 rats
68 creatures vanquished.

Vanquished Creatures (others)
  4 fungi (D:2)
  10 plants (D:2)
14 creatures vanquished.

Grand Total: 82 creatures vanquished

Notes
Turn   | Place    | Note
-------+----------+-------------------------------------------
     0 | D:1      | karkarkar the Draconian Conjurer began the quest for the
                  | Orb.
     0 | D:1      | Reached XP level 1. HP: 14/14 MP: 3/3
   419 | D:1      | Reached XP level 2. HP: 20/20 MP: 0/5
   422 | D:1      | Learned a level 2 spell: Searing Ray
  1582 | D:2      | Reached XP level 3. HP: 26/26 MP: 0/6
  1661 | D:2      | Found Enoud's Assorted Antiques.
  1871 | D:2      | Found Daiviul's Antique Armour Shop.
  1968 | D:2      | Found a faded altar of an unknown god.
  2113 | D:2      | Found Sanits's Book Emporium.
  2174 | D:2      | Found Juawniy's Weapon Emporium.
  2522 | D:2      | Reached skill level 5 in Conjurations
  2602 | D:2      | Reached XP level 4. HP: 33/33 MP: 1/7
  2978 | D:3      | Found Noennev's Antique Armour Boutique.
  3329 | D:3      | Found Ykyphox's Magic Scroll Boutique.
  3370 | D:3      | Bought 3 scrolls of identify for 66 gold pieces
  3638 | D:3      | Noticed Terence
  3652 | D:3      | Killed Terence
  3767 | D:3      | Found Houn's Jewellery Shop.
  3784 | D:3      | Reached skill level 1 in Translocations
  3891 | D:3      | Reached XP level 5. HP: 36/38 MP: 6/9
  3896 | D:3      | Noticed Robin
  4068 | D:3      | Killed Robin
  4187 | D:4      | Noticed Grinder
  4418 | D:4      | Paralysed by Grinder for 7 turns
  4712 | D:4      | Slain by Grinder

Illustrated notes

Levels and vault maps discovered:
D:1:      scummos_arrival_hexagon, layout_basic
D:2:      layout_loops_ring, shapermc_ecumenical_altar_mp_ritualfount,
          serial_shops, nicolae_shop_stone, nicolae_shop_trees,
          nicolae_shop_waterfront, nicolae_shop_trees
D:3:      layout_rooms, serial_shops, nicolae_shop_trees, shop_fountains, shop,
          uniq_robin, uniq_terence
D:4:      layout_basic, overflow_temple_1_default, nicolae_ossuary_entry_plus,
          uniq_duvessa, uniq_grinder, uniq_sigmund

Skill      XL: |  1  2  3  4  5 |
---------------+----------------+-----
Dodging        | 2 |  2.2
Stealth        | 2 |  2.3
Conjurations   | 5 |  5.4
Translocations | 1 |  1.2
Spellcasting   | 3 |  3.0

Action                   |  1- 3 |  4- 6 || total
-------------------------+-------+-------++-------
Melee: Unarmed           |       |     9 ||     9
       Tailslap          |       |     1 ||     1
Throw: Dart              |     6 |    11 ||    17
 Cast: Magic Dart        |    35 |    14 ||    49
       Searing Ray       |    18 |    22 ||    40
  Use: Scroll            |     1 |     6 ||     7
Armor: Skin              |       |    12 ||    12
Dodge: Dodged            |     7 |    28 ||    35
